 Dungeon Crawl Stone Soup version 0.16-a0-3055-gf5291b4 (webtiles) character file.

13549 kroki the Nimble (level 12, -11/126 HPs)
             Began as an Octopode Transmuter on Dec 9, 2014.
             Was a High Priest of Makhleb.
             Mangled by a fire crab (shapeshifter) (14 damage)
             ... on level 10 of the Dungeon.
             The game lasted 00:36:17 (14985 turns).

kroki the Nimble (Octopode Transmuter)             Turns: 14985, Time: 00:36:18

Health: -11/126    AC:  1    Str: 18    XL:     12   Next: 7%
Magic:  25/25      EV: 17    Int: 16    God:    Makhleb [*****.]
Gold:   1073       SH:  0    Dex: 13    Spells: 4 memorised, 4 levels left

rFire  . . .     SeeInvis .       - Unarmed
rCold  . . .     Rnd*Rage +     (no shield)
rNeg   . . .     SustAb   .     (helmet restricted)
rPois  .         Gourm    .     B - necklace of Bloodlust {*Rage +Rage MR+ Str+2 Int-2 Slay+3 Curse} (curse)
rElec  .         Spirit   .     f - ring of wizardry (curse)
rCorr  .         Warding  .     (no ring)
rMut   .         Stasis   .     (no ring)
MR     +....                    (no ring)
Stlth  ..........               (no ring)
                                (no ring)
                                (no ring)
                                (no ring)

@: berserking (expiring), very quick, somewhat resistant to hostile
enchantments, extremely unstealthy
A: almost no armour, amphibious, 8 rings, constrict 8, camouflage 1, gelatinous
body 1
a: Minor Destruction, Lesser Servant of Makhleb, Major Destruction, Greater
Servant of Makhleb, Renounce Religion, Evoke Berserk Rage


You were on level 10 of the Dungeon.
You worshipped Makhleb.
Makhleb was extremely pleased with you.
You were not hungry.

You visited 2 branches of the dungeon, and saw 12 of its levels.
You also visited: Ice Cave.

You collected 1073 gold pieces.

Inventory:

Missiles
 b - 135 arrows
Jewellery
 f - a cursed ring of wizardry (left tentacle)
   (You found it on level 1 of the Dungeon)
 m - a cursed amulet of resist mutation
   (You found it on level 8 of the Dungeon)
 B - the cursed necklace of Bloodlust (around mantle) {*Rage +Rage MR+ Str+2 Int-2 Slay+3 Curse}
   (You took it off a centaur on level 8 of the Dungeon)

   [amulet of rage]

   It affects your strength (+2).
   It affects your intelligence (-2).
   It affects your accuracy and damage with ranged weapons and melee attacks
   (+3).
   It affects your resistance to hostile enchantments.
   It lets you go berserk.
   It may make you go berserk in combat.
   It may recurse itself when equipped.
   It has a curse placed upon it.
 G - an uncursed amulet of clarity
   (You found it on level 9 of the Dungeon)
Magical devices
 e - a wand of flame (21)
   (You found it on level 5 of the Dungeon)
 i - a wand of frost (30)
   (You found it on level 2 of the Dungeon)
 j - a wand of magic darts (45)
   (You found it on level 3 of the Dungeon)
 l - a wand of fire (8)
   (You found it on level 8 of the Dungeon)
 q - a wand of draining (5)
   (You took it off Psyche on level 10 of the Dungeon)
 s - a wand of lightning (3)
   (You found it on level 6 of the Dungeon)
 C - a wand of fireball (4)
   (You found it on level 8 of the Dungeon)
Scrolls
 n - 3 scrolls of recharging
 v - 4 scrolls of remove curse
 y - 2 scrolls of enchant weapon
 z - 2 scrolls of identify
 D - a scroll of teleportation
 F - a scroll of immolation
Potions
 k - 2 potions of beneficial mutation {unknown}
 o - 3 potions of flight
 p - a potion of magic {unknown}
 u - a potion of invisibility {unknown}
 w - a potion of brilliance {unknown}
 x - a potion of cure mutation {unknown}
 A - a potion of poison {unknown}
 E - a potion of restore abilities
Books
 d - a book of Changes
 t - a Necronomicon {highlevel, unknown}
   (You found it on level 5 of the Dungeon)
Comestibles
 a - 7 bread rations
 c - 2 slices of pizza
 g - 3 meat rations
 h - 4 chunks of flesh
 r - 2 fruits


   Skills:
 + Level 8.5 Fighting
 * Level 10.2 Dodging
 + Level 8.2 Unarmed Combat
 - Level 3.5 Spellcasting
 - Level 4.0 Transmutations
 - Level 4.4 Ice Magic
 - Level 10.0 Invocations
 - Level 3.5 Evocations


You had 4 spell levels left.
You knew the following spells:

 Your Spells              Type           Power        Failure   Level  Hunger
a - Blade Hands           Trmt           ###.......   61%         5    ######.
b - Sticks to Snakes      Trmt           ###.......   3%          2    ##.....
c - Spider Form           Trmt/Pois      #.........   12%         3    ###....
d - Ice Form              Ice/Trmt       ###.....     14%         4    ####...


Innate Abilities, Weirdness & Mutations

You cannot wear most types of armour.
You are amphibious.
You can wear up to eight rings at the same time.
You can use your tentacles to constrict many enemies at once.
Your skin changes colour to match your surroundings (Stealth).
Your rubbery body absorbs attacks (AC +1).

Dungeon Overview and Level Annotations

Branches:
Dungeon (10/15)            Temple (0/1) D:5             Orc (2/4) D:9
   Lair: D:8-11

Altars:
Dithmenos
Gozag
Kikubaaqudgha
Makhleb
Nemelex Xobeh
Okawaru
Qazlal
Ru
Sif Muna
Trog
Yredelemnul
The Shining One
Beogh

Annotations:
D:7 exclusion: giant spore

# ######+##### ####.#####
#........).# ###
........YY####...)......# #..
........YYY.t#..........###..
........Y3##@#).........'....
......55.##.'..........###..
.........####..........# #..
.........# ##+######### ###
######.## #=# ..# ## ### #.
.. #.


You could see a fire crab shaped shifter and 5 yaks.


Message History

The web tears apart.
Your ufetubus hits the yak.
Your ufetubus barely misses the yak.
The fire crab bites you!
You are engulfed in flames!
The fire crab claws you.
* * * LOW HITPOINT WARNING * * *
You are engulfed in flames!
* * * LOW HITPOINT WARNING * * *
The yak gores you.
* * * LOW HITPOINT WARNING * * *
Your ynoxinul hits the yak.
You take 42 damage.
You bludgeon the fire crab! You grab the fire crab. You squeeze the fire crab!
The fire crab is heavily wounded.
You constrict the fire crab. Your ufetubus hits the yak.
Your ufetubus closely misses the yak.
Your ufetubus hits the yak. The yak gores your ynoxinul.
The fire crab bites you!
* * * LOW HITPOINT WARNING * * *
You are engulfed in flames!
* * * LOW HITPOINT WARNING * * *
The fire crab misses you.
You take 26 damage.
You release your grip on the fire crab.
The yak gores something.
You tentacle-slap the fire crab. Your grab misses the fire crab.
You squeeze the fire crab!
The fire crab is severely wounded.
The fire crab bites you!
* * * LOW HITPOINT WARNING * * *
You are engulfed in flames!
* * * LOW HITPOINT WARNING * * *
The fire crab claws you!
You die...

Notes
Turn   | Place    | Note
--------------------------------------------------------------
     0 | D:1      | kroki, the Octopode Transmuter, began the quest for the Orb.
     0 | D:1      | Reached XP level 1. HP: 13/13 MP: 3/3
   553 | D:1      | Reached XP level 2. HP: 13/18 MP: 4/4
   559 | D:1      | Learned a level 2 spell: Sticks to Snakes
  1111 | D:1      | Reached skill level 4 in Unarmed Combat
  1170 | D:1      | Reached XP level 3. HP: 14/23 MP: 0/6
  1376 | D:1      | Learned a level 3 spell: Spider Form
  2159 | D:2      | Noticed Terence
  2167 | D:2      | Killed Terence
  2167 | D:2      | Reached skill level 3 in Spellcasting
  2167 | D:2      | Reached XP level 4. HP: 17/28 MP: 5/9
  3044 | D:2      | Learned a level 4 spell: Ice Form
  3176 | D:3      | Reached skill level 1 in Ice Magic
  3229 | D:3      | Found a sacrificial altar of Ru.
  3332 | D:3      | Reached XP level 5. HP: 21/33 MP: 7/11
  3340 | D:3      | Noticed B1inky's ghost (average DgFi)
  3645 | D:3      | Found a burning altar of Makhleb.
  3650 | D:3      | Became a worshipper of Makhleb the Destroyer
  3778 | D:3      | Reached skill level 3 in Ice Magic
  4186 | D:3      | Reached XP level 6. HP: 34/38 MP: 10/13
  4383 | D:3      | Reached skill level 3 in Transmutations
  4572 | D:3      | Killed B1inky's ghost
  4829 | D:4      | Found a bloodstained altar of Trog.
  4860 | D:4      | Acquired Makhleb's first power
  4860 | D:4      | Reached XP level 7. HP: 43/43 MP: 15/15
  5211 | D:4      | Reached skill level 3 in Dodging
  5547 | D:4      | Found a glowing golden altar of the Shining One.
  5888 | D:4      | Found a basalt altar of Yredelemnul.
  5987 | D:5      | Entered Level 5 of the Dungeon
  6007 | D:5      | Reached skill level 3 in Fighting
  6007 | D:5      | Reached XP level 8. HP: 29/52 MP: 9/17
  6113 | D:5      | Noticed a hippogriff
  6116 | D:5      | Found a staircase to the Ecumenical Temple.
  6121 | D:5      | Killed a hippogriff
  6121 | D:5      | Reached skill level 5 in Unarmed Combat
  6215 | D:5      | Acquired Makhleb's second power
  6476 | D:5      | Found a shadowy altar of Dithmenos.
  7059 | D:6      | Noticed a two-headed ogre
  7069 | D:6      | Killed a two-headed ogre
  7069 | D:6      | Reached skill level 3 in Invocations
  7138 | D:6      | Acquired Makhleb's third power
  7439 | D:6      | Reached XP level 9. HP: 59/59 MP: 18/18
  7627 | D:6      | Reached skill level 5 in Dodging
  7739 | D:6      | Reached skill level 5 in Fighting
  7847 | D:7      | Noticed a cyclops
  7863 | D:7      | Killed a cyclops
  7926 | D:7      | Reached skill level 6 in Dodging
  7970 | D:7      | Reached skill level 6 in Unarmed Combat
  8061 | D:7      | Reached skill level 6 in Fighting
  8307 | D:7      | Found an iron altar of Okawaru.
  8325 | D:7      | Acquired Makhleb's fourth power
  8900 | D:7      | Found a deep blue altar of Sif Muna.
  9008 | D:8      | Noticed Grum
  9213 | D:7      | Reached skill level 7 in Dodging
  9416 | D:8      | Reached XP level 10. HP: 69/69 MP: 14/19
  9516 | D:8      | Reached skill level 5 in Invocations
  9757 | D:8      | Reached skill level 6 in Invocations
  9764 | D:8      | Killed Grum
  9799 | D:8      | Reached skill level 1 in Evocations
  9971 | D:8      | Reached skill level 3 in Evocations
 10081 | D:8      | Found a bloodstained altar of Trog.
 10171 | D:8      | Found a stormy altar of Qazlal.
 10351 | D:8      | Acquired Makhleb's fifth power
 10351 | D:8      | Reached skill level 8 in Invocations
 10657 | D:9      | Found a sparkling altar of Nemelex Xobeh.
 10657 | D:9      | Found an ancient bone altar of Kikubaaqudgha.
 11080 | D:9      | Reached skill level 9 in Invocations
 11147 | D:9      | Found a staircase to the Orcish Mines.
 11468 | D:9      | Found a shadowy altar of Dithmenos.
 11598 | D:9      | Found a deep blue altar of Sif Muna.
 11657 | D:9      | Found an opulent altar of Gozag.
 11852 | Orc:1    | Entered Level 1 of the Orcish Mines
 11990 | Orc:1    | Reached XP level 11. HP: 70/74 MP: 15/24
 12116 | Orc:2    | Reached skill level 10 in Invocations
 12501 | Orc:2    | Found a frozen archway.
 12552 | IceCv    | Entered an ice cave
 12603 | IceCv    | Reached skill level 8 in Dodging
 13029 | IceCv    | Noticed a frost giant
 13037 | IceCv    | Killed a frost giant
 13545 | IceCv    | Noticed an ice statue
 13577 | IceCv    | Killed an ice statue
 13577 | IceCv    | Reached skill level 8 in Fighting
 13848 | IceCv    | Reached skill level 8 in Unarmed Combat
 14260 | Orc:2    | Found a roughly hewn altar of Beogh.
 14440 | Orc:2    | Reached skill level 10 in Dodging
 14440 | Orc:2    | Reached XP level 12. HP: 84/84 MP: 21/25
 14909 | D:9      | Learned a level 5 spell: Blade Hands
 14910 | D:10     | Entered Level 10 of the Dungeon
 14942 | D:10     | Noticed Psyche
 14946 | D:10     | Killed Psyche
 14985 | D:10     | HP: 3/126 [fire crab (shapeshifter) (8)]
 14985 | D:10     | Mangled by a fire crab (shapeshifter)

Vanquished Creatures
  An ice statue (IceCv)
  A cyclops (D:7)
  Psyche (D:10)
  10 polar bears (IceCv)
  A deep elf mage (D:9)
  A troll (D:9)
  2 two-headed ogres
  5 yaks (IceCv)
  Grum (D:8)
  The ghost of B1inky the Covered, an average DgFi (D:3)
  A hippogriff (D:5)
  9 wolves
  A hungry ghost (D:8)
  A water moccasin (D:8)
  A warg (Orc:2)
  3 phantoms
  2 orc warriors (Orc:2)
  A sky beast (D:9)
  3 ice beasts
  2 black bears (D:8)
  8 ogres
  5 centaurs
  7 giant frogs
  A wyvern skeleton (D:7)
  A scorpion (D:4)
  6 killer bees (D:8)
  4 crimson imps
  2 giant frog skeletons
  9 hounds
  4 jellies
  2 giant frog zombies
  10 orc priests
  An iguana (D:6)
  18 orc wizards
  6 worker ants
  A hound skeleton (D:4)
  2 hound zombies
  Terence (D:2)
  2 mummies (D:7)
  3 gnolls (D:7)
  A river rat (D:5)
  15 adders
  2 shadow imps (D:7)
  10 white imps (Orc:2)
  6 giant mites
  5 worms
  An adder skeleton (D:4)
  5 giant geckos
  89 orcs
  6 ball pythons
  2 bat zombies
  8 giant cockroaches
  12 goblins
  17 hobgoblins
  6 jackals
  5 quokkas
  23 bats
  5 giant newts
  3 giant spores
  15 kobolds
  17 rats
  4 ballistomycetes
398 creatures vanquished.

Vanquished Creatures (collateral kills)
  A frost giant (IceCv)
  5 polar bears (IceCv)
  2 yaks (IceCv)
  6 wolves (IceCv)
  2 ice beasts (IceCv)
  An ogre (Orc:2)
  A big kobold (D:9)
  3 orc priests (Orc:2)
  2 orc wizards (Orc:1)
  A mummy (D:9)
  A shadow imp (D:9)
  2 white imps (Orc:2)
  30 orcs
  A hobgoblin (D:1)
  3 goblins
  4 kobolds
  A kobold zombie (D:9)
66 creatures vanquished.

Vanquished Creatures (others)
  A balrug (IceCv)
  A smoke demon (IceCv)
  An orange demon (IceCv)
  A ynoxinul (D:10)
  A neqoxec (IceCv)
  A wolf (IceCv)
  An orc wizard (D:7)
  An ufetubus (Orc:2)
  A kobold (D:7)
9 creatures vanquished.

Grand Total: 473 creatures vanquished

Action                   |  1- 3 |  4- 6 |  7- 9 | 10-12 || total
-------------------------+-------+-------+-------+-------++-------
Melee: Unarmed           |    87 |   133 |   226 |   399 ||   845
 Cast: Beastly Appendage |    10 |     1 |       |       ||    11
       Sticks to Snakes  |     2 |       |       |       ||     2
       Spider Form       |    10 |    26 |       |       ||    36
       Ice Form          |       |     4 |    38 |    53 ||    95
Invok: Minor Destruction |       |       |    74 |    89 ||   163
       Major Destruction |       |       |       |    12 ||    12
       Lesser Servant of |       |       |       |    17 ||    17
       Greater Servant o |       |       |       |     2 ||     2
 Abil: Evoke Berserk Rag |       |       |       |     6 ||     6
Evoke: Wand              |       |       |     1 |     1 ||     2
  Use: Scroll            |     5 |     3 |    11 |     5 ||    24
       Potion            |     1 |     1 |     4 |     4 ||    10
 Stab: Sleeping          |     1 |     3 |     1 |       ||     5
       Distracted        |       |       |       |     2 ||     2
  Eat: Chunk             |     5 |    13 |    19 |    34 ||    71
       Beef jerky        |       |       |     1 |     3 ||     4
       Bread ration      |       |       |     1 |     1 ||     2
       Fruit             |       |       |       |     3 ||     3
       Meat ration       |       |       |       |     1 ||     1

Vault maps used:
D:1:      dpeg_arrival_tiny_k
D:2:      uniq_terence
D:3:      lemuel_doored_altar, hangedman_ru_absence
D:4:      lemuel_upstairs_altar, nicolae_overflow_hidden_temple,
          tso_oasis_becter, trog_three_pillars_becter
D:5:      minmay_temple_entry_grid, portal_sewer_entry_e, first_bread,
          nicolae_dithmenos_the_darkroom
D:7:      minmay_opposing_rooms, okawaru_altar_gauntlet_db,
          lemuel_blue_sif_altar
D:8:      grunt_qazlal_clouds, trog_ov_bears_minmay, uniq_grum
D:9:      kennysheep_mini_moat, kennysheep_mini,
          gammafunk_temple_overflow_elements, orc_0_dummy, basic_altar
D:10:     dpeg_oklobed_lair, uniq_psyche, uniq_sonja, uniq_eustachio,
          uniq_nergalle
Orc:2:    portal_ice_cave_entry_imps, minmay_orc_temple_a
IceCv:    ice_cave_small_giant
